 Dungeon Crawl Stone Soup version 0.18.1-48-g4cf74bf (webtiles) character file.

72 MistressOfTheDunes the Insei (level 4, -11/35 HPs)
             Began as a Mummy Monk on July 19, 2016.
             Mangled by an ogre
             ... wielding a +0 giant club
              (28 damage)
             ... on level 4 of the Dungeon.
             The game lasted 00:05:24 (3607 turns).

MistressOfTheDunes the Insei (Mummy Monk)           Turns: 3607, Time: 00:05:25

Health: -11/35     AC:  1    Str: 14    XL:     4   Next: 6%
Magic:  4/4        EV:  8    Int:  9    God:
Gold:   102        SH:  0    Dex: 15    Spells: 0 memorised, 3 levels left

rFire  x . .     SeeInvis .       - Unarmed
rCold  + . .     Gourm    .     (no armour)
rNeg   + + +     Faith    .     (no shield)
rPois  ∞         Spirit   .     (no helmet)
rElec  .         Dismiss  .     a - +0 cloak
rCorr  .         Reflect  .     (no gloves)
SustAt +         Harm     .     (no boots)
MR     .....                    (no amulet)
Stlth  ++........               g - ring of sustain attributes
                                (no ring)

@: not resistant to hostile enchantments, unstealthy
A: no food or potions, fire vulnerability, cold resistance 1, negative energy
resistance 3, torment resistance, unbreathing
a: no special abilities


You were on level 4 of the Dungeon.
You were not hungry.

You visited 1 branch of the dungeon, and saw 4 of its levels.

You collected 102 gold pieces.


Innate Abilities, Weirdness & Mutations

You do not eat or drink.
Your flesh is vulnerable to fire.
You are immune to poison.
Your flesh is cold resistant.
You are immune to negative energy.
You are immune to unholy pain and torment.
You can survive without breathing.


   Skills:
 - Level 3.0 Fighting
 - Level 2.4 Dodging
 - Level 1.5 Stealth
 + Level 4.6 Unarmed Combat


You had 3 spell levels left.
You didn't know any spells.

Inventory:

Armour
 a - a +0 cloak (worn)
Jewellery
 g - a ring of sustain attributes (right hand)
Scrolls
 b - 6 scrolls of remove curse {unknown}
 c - a scroll of noise {unknown}
 d - a scroll of identify {unknown}
 e - a scroll of enchant armour {unknown}
 f - a scroll of fog {unknown}
 h - a scroll of teleportation {unknown}

Dungeon Overview and Level Annotations

Branches:
Dungeon (4/15)
 Temple: D:4-7

Altars:
Cheibriados
Fedhas
Kikubaaqudgha
Qazlal

▒.....▒..▒▒..▒▒▒▒+▒▒...
▒.....▒............▒....
▒.....▒............ ....
▒.....▒............
▒.....▒............
▒.....'............
▒.....▒............
▒.....▒O...........
▒▒▒▒▒▒▒.....▒M.▒▒▒+▒▒▒..
...........▒▒..▒
...........▒...▒ .
...............▒ ..
...............▒ ...
......_.....▒▒+▒ ...
▒▒............ ▒.
▒......⌠...... ▒.
▒.[........... ▒.


You could see an ogre.


Message History

You open the door!
There is an open door here!
There is an open door here!
There is an open door here!
You close the door!
There is an open door here!
You open the door!
There is an open door here!
You open the door! You open the door!
Found a stone staircase leading up!
There is an open door here!
Found a stone staircase leading up!
You open the door!
Found 6 gold pieces!
There is an open door here!
You now have 102 gold pieces (gained 6)!
An ogre comes into view! It is wielding a giant club!
The ogre shouts!!!
Found a stormy altar of Qazlal!
The ogre hits you with a giant club!!!!!!
DANG * * * don't die
* * *
Found a scale mail!
A centaur skeleton comes into view!
There is an open door here!
There is a stone staircase leading up here!
The ogre hits you with a giant club!!!!!!
DANG rip

Action                   |  1- 3 |  4- 6 || total
-------------------------+-------+-------++-------
Melee: Unarmed           |   154 |    16 ||   170
       Punch             |     1 |       ||     1
 Stab: Sleeping          |     3 |       ||     3
Armor: Skin              |     8 |       ||     8
Dodge: Dodged            |    96 |    21 ||   117

Vault maps used:
D:1:      lightli_arrival_lavapool
D:2:      fedhas_altar_2, first_bread
D:3:      cheibriados_altar_wand_db, portal_sewer_entry_d
D:4:      lemuel_round_altar, lemuel_crystal_altar, fiery_altar_vehumet,
          grunt_temple_overflow_open

Notes
Turn   | Place    | Note
--------------------------------------------------------------
     0 | D:1      | MistressOfTheDunes the Mummy Monk began the quest for the Orb.
     0 | D:1      | Reached XP level 1. HP: 18/18 MP: 1/1
   496 | D:1      | Reached XP level 2. HP: 24/24 MP: 2/2
  1184 | D:1      | Reached skill level 4 in Unarmed Combat
  1571 | D:2      | Found a blossoming altar of Fedhas.
  2035 | D:2      | Reached XP level 3. HP: 5/29 MP: 3/3
  2812 | D:2      | Reached XP level 4. HP: 27/35 MP: 4/4
  3093 | D:3      | Found a snail-covered altar of Cheibriados.
  3112 | D:2      | You fall through a shaft for 2 floors!
  3459 | D:4      | Found an ancient bone altar of Kikubaaqudgha.
  3595 | D:4      | Found a stormy altar of Qazlal.
  3595 | D:4      | Noticed an ogre
  3607 | D:4      | Mangled by an ogre

Vanquished Creatures
  2 gnolls
  An adder (D:2)
  A worm (D:2)
  A dart slug (D:1)
  3 giant geckos
  An orc (D:1)
  A bat (D:1)
  2 giant cockroaches
  5 goblins
  3 hobgoblins (D:2)
  3 jackals (D:1)
  A ball python (D:1)
  A giant newt (D:2)
  5 kobolds
  5 rats
35 creatures vanquished.
